Map: [TLMC15] Glittering Ashes

Players

DRG

  • Race: Zerg Zerg

MaxPax - Winner!

  • Race: Protoss Protoss

Event: StayAtHome Story Cup #4

VOD

Have the link to the VOD?

Description

Time

  • Played on: Oct. 23, 2021, 10:12 a.m.
  • Length: 14:23

All games in this series

Show
View Real Time Build Order
Export as new Build Order

DRG Zerg 

Build Orders: Hatch First 

Get SALT Encoding   

  12  0:00  Drone  
  13  0:12  Overlord  
  13  0:17  Drone  
  14  0:30  Drone x2  
  14  0:34  Drone  
  17  0:52  Hatchery  
  17  0:55  Drone  
  17  0:58  Drone  
  18  1:09  Extractor  
  17  1:13  Spawning Pool  
  17  1:17  Drone  
  17  1:20  Drone  
  18  1:28  Drone  
  19  1:38  Drone  
  20  1:49  Overlord  
  20  2:00  Queen  
  22  2:04  Queen  
  22  2:05  Zergling x4  
  26  2:11  Drone  
  26  2:13  Metabolic Boost  
  27  2:17  Drone  
  28  2:24  Drone  
  28  2:25  Drone  
  30  2:32  Drone  
  30  2:36  Drone  
  32  2:43  Hatchery  
  31  2:47  Queen  
  33  2:51  Overlord  
  33  2:55  Drone  
  33  2:56  Drone  
  35  2:59  Drone  
  35  3:05  Overlord  
  36  3:11  Drone x4  
  40  3:17  Queen  
  42  3:22  Drone  
  42  3:23  Drone  
  42  3:26  Queen  
  44  3:30  Drone  
  44  3:32  Drone  
  48  3:40  Overlord  
  48  3:41  Drone  
  48  3:48  Drone x3  
  52  3:50  Evolution Chamber  
  52  3:52  Drone  
  52  3:54  Spore Crawler  
  52  3:55  Queen  
  53  3:56  Drone  
  53  3:57  Drone  
  53  3:59  Drone  
  53  4:01  Drone  
  57  4:05  Zergling x4  
  59  4:10  Drone x2  
  59  4:11  Spore Crawler  
  59  4:14  Drone  
  61  4:18  Drone  
  61  4:19  Drone x2  
  61  4:21  Zergling x4  
  66  4:24  Zerg Melee Weapons Level 1  
  66  4:28  Overlord  
  66  4:31  Spore Crawler  
  65  4:34  Overlord  
  65  4:38  Drone  
  65  4:39  Overlord  
  65  4:42  Drone  
  65  4:45  Overlord  
  66  4:47  Drone x4  
  66  4:48  Drone x2  
  66  4:51  Baneling Nest, Extractor  
  70  4:53  Drone  
  70  4:58  Drone x3  
  74  5:05  Hatchery  
  73  5:08  Drone x4  
  73  5:11  Queen  
  79  5:17  Queen  
  81  5:21  Overlord  
  81  5:22  Drone  
  81  5:23  Drone x3  
  81  5:26  Drone x3  
  88  5:30  Lair  
  88  5:31  Drone  
  88  5:34  Drone x2  
  88  5:35  Drone x2  
  93  5:39  Drone, Extractor x2  
  93  5:40  Drone, Extractor  
  93  5:42  Extractor  
  91  5:43  Drone x2  
  91  5:45  Evolution Chamber  
  91  5:47  Overlord  
  91  5:48  Drone x2  
  91  5:49  Drone  
  95  5:52  Queen  
  95  5:56  Queen  
  99  5:58  Drone x3  
  99  5:59  Drone  
  99  6:01  Overlord  
  103  6:08  Drone x6  
  109  6:16  Zerg Ground Armor Level 1  
  109  6:18  Overlord  
  109  6:21  Queen  
  109  6:24  Drone  
  112  6:27  Centrifugal Hooks, Zerg Melee Weapons Level 2  
  112  6:30  Drone x7  
  119  6:33  Extractor x2  
  119  6:34  Queen  
  119  6:38  Queen  
  121  6:42  Drone  
  121  6:43  Pneumatized Carapace  
  121  6:44  Overseer, Infestation Pit  
  120  6:47  Zergling x10  
  120  6:51  Spore Crawler  
  120  6:53  Zergling x2  
  120  6:54  Zergling x8  
  129  6:55  Overlord  
  129  7:00  Zergling x2  
  129  7:01  Zergling x8  
  130  7:09  Zergling x10  
  130  7:12  Queen  
  130  7:13  Overlord, Queen  
  139  7:21  Overlord  
  138  7:26  Zergling x16  
  138  7:27  Overlord  
  143  7:32  Hive  
  143  7:37  Zergling x6  
  144  7:38  Queen  
  144  7:43  Zergling x14  
  150  7:45  Zergling x6  
  151  7:57  Zergling x14  
  149  8:00  Queen  
  149  8:02  Infestor  
  149  8:03  Infestor x4  
  149  8:04  Pathogen Glands  
  156  8:07  Spore Crawler  
  156  8:08  Spore Crawler  
  154  8:15  Zerg Ground Armor Level 2  
  154  8:23  Burrow  
  154  8:24  Infestor  
  154  8:25  Infestor x3  
  160  8:29  Overlord x3  
  160  8:30  Hatchery  
  160  8:31  Zergling x10  
  164  8:34  Overseer  
  164  8:37  Zergling x2  
  164  8:38  Zergling x4  
  167  8:44  Overlord x2  
  167  8:45  Spore Crawler  
  167  8:46  Spore Crawler  
  165  8:50  Zerg Melee Weapons Level 3  
  165  8:51  Adrenal Glands  
  165  8:53  Ultralisk Cavern, Queen  
  166  9:01  Neural Parasite  
  166  9:02  Overseer  
  166  9:09  Drone x12  
  182  9:10  Drone x4  
  182  9:13  Zergling x10  
  187  9:21  Spore Crawler, Drone  
  187  9:28  Drone x2  
  187  9:29  Overlord  
  187  9:31  Queen x2  
  189  9:32  Queen  
  195  9:46  Spore Crawler  
  193  9:53  Zergling x12  
  193  9:57  Chitinous Plating  
  199  10:00  Baneling x16  
  199  10:01  Baneling x5  
  199  10:02  Hatchery  
  198  10:08  Zergling x2  
  198  10:11  Spore Crawler  
  198  10:12  Spore Crawler  
  198  10:13  Spore Crawler  
  196  10:14  Spore Crawler, Extractor  
  196  10:15  Extractor  
  193  10:25  Zergling x8  
  193  10:26  Zergling x6  
  197  10:35  Zergling x26  
  198  10:39  Zergling x2  
  198  10:40  Zergling x12  
  199  10:47  Zergling x24  
  194  10:53  Zerg Ground Armor Level 3  
  194  10:55  Zergling x14  
  196  10:59  Zergling x6  
  196  11:01  Overseer x3  
  199  11:10  Spire  
  199  11:11  Spire  
  197  11:14  Spore Crawler  
  197  11:16  Anabolic Synthesis  
  188  11:26  Baneling x13  
  188  11:28  Zergling x2  
  188  11:29  Zergling x26  
  188  11:32  Zerg Missile Weapons Level 1  
  197  11:43  Zergling x6  
  187  12:03  Zergling x28  
  187  12:08  Queen x2  
  177  12:11  Zergling x34  
  191  12:17  Infestor x2  
  191  12:18  Infestor  
  191  12:21  Infestor x2  
  196  12:26  Queen x2  
  183  12:30  Zergling x20  
  183  12:33  Baneling x8, Queen x2  
  195  12:44  Queen x2  
  191  12:51  Infestor x4  
  189  12:59  Zergling x16  
  189  13:02  Queen x2  
  194  13:07  Infestor x3  
  194  13:08  Queen  
  194  13:09  Queen  
  195  13:13  Zergling x10  
  195  13:19  Queen x2  
  191  13:20  Corruptor x3  
  191  13:25  Corruptor x2  
  195  13:27  Overlord  
  195  13:31  Corruptor x2  
  187  13:37  Queen  
  187  13:38  Queen  
  187  13:39  Corruptor x4  
  186  13:44  Queen x2  
  175  13:48  Corruptor x2  
Show
View Real Time Build Order
Export as new Build Order

MaxPax Protoss - Winner!

Build Orders: 1 Gate Expand, Oracle Opening, Carriers 

Get SALT Encoding   

  12  0:00  Probe  
  13  0:12  Probe  
  14  0:20  Pylon  
  14  0:24  Probe  
  15  0:38  Probe (Chrono Boost)  
  15  0:42  Gateway  
  16  0:47  Probe (Chrono Boost)  
  17  0:50  Assimilator  
  17  0:52  Probe (Chrono Boost)  
  18  1:04  Probe  
  19  1:16  Probe  
  20  1:29  Nexus  
  20  1:39  Cybernetics Core  
  20  1:41  Probe  
  20  1:46  Assimilator  
  21  1:53  Probe  
  22  1:56  Pylon  
  22  2:05  Probe (Chrono Boost)  
  23  2:15  Adept  
  26  2:17  Probe (Chrono Boost)  
  26  2:18  Stargate  
  26  2:22  Probe (Chrono Boost)  
  26  2:27  Warp Gate  
  27  2:33  Probe (Chrono Boost)  
  28  2:41  Probe (Chrono Boost)  
  30  2:45  Adept  
  30  2:50  Probe x2 (Chrono Boost)  
  33  2:52  Void Ray (Chrono Boost)  
  33  2:55  Probe (Chrono Boost)  
  33  2:56  Probe  
  39  3:07  Probe  
  39  3:08  Pylon, Probe  
  41  3:17  Gateway  
  41  3:19  Probe  
  42  3:20  Probe  
  42  3:26  Oracle (Chrono Boost)  
  43  3:32  Probe x2  
  48  3:44  Probe  
  48  3:47  Probe  
  50  3:49  Nexus  
  50  3:52  Pylon  
  50  3:56  Probe  
  50  4:00  Assimilator  
  50  4:01  Probe  
  52  4:04  Assimilator  
  52  4:08  Probe  
  53  4:13  Probe  
  54  4:20  Probe  
  55  4:24  Stargate, Forge  
  55  4:26  Pylon, Probe  
  55  4:31  Protoss Air Weapons Level 1  
  56  4:32  Probe  
  56  4:36  Shield Battery  
  56  4:38  Probe  
  58  4:39  Void Ray  
  58  4:45  Probe  
  63  4:50  Probe  
  64  4:54  Pylon  
  64  4:57  Probe (Chrono Boost)  
  65  5:01  Probe (Chrono Boost)  
  65  5:03  Probe (Chrono Boost)  
  65  5:04  Void Ray (Chrono Boost)  
  67  5:09  Probe (Chrono Boost)  
  67  5:11  Assimilator, Probe (Chrono Boost)  
  67  5:12  Probe (Chrono Boost)  
  74  5:14  Probe (Chrono Boost)  
  74  5:15  Assimilator, Void Ray (Chrono Boost)  
  74  5:16  Probe (Chrono Boost)  
  74  5:17  Probe (Chrono Boost)  
  74  5:18  Pylon  
  77  5:23  Probe  
  77  5:28  Probe x2  
  83  5:35  Probe  
  85  5:40  Stargate, Probe x2  
  85  5:41  Fleet Beacon  
  87  5:44  Void Ray  
  87  5:47  Probe  
  88  5:52  Probe x2  
  88  5:54  Void Ray (Chrono Boost)  
  88  5:56  Pylon  
  94  5:59  Probe  
  94  6:00  Photon Cannon  
  99  6:04  Probe  
  100  6:14  Probe  
  100  6:16  Flux Vanes, Pylon x2  
  101  6:19  Void Ray x2 (Chrono Boost)  
  101  6:25  Nexus  
  109  6:36  Void Ray (Chrono Boost)  
  113  6:44  Adept  
  113  6:45  Photon Cannon  
  115  6:47  Shield Battery  
  115  6:49  Shield Battery  
  115  6:52  Photon Cannon  
  115  7:00  Adept  
  117  7:02  Protoss Air Weapons Level 2 (Chrono Boost)  
  117  7:03  Probe x2  
  117  7:04  Probe  
  117  7:07  Assimilator  
  120  7:09  Assimilator  
  120  7:17  Carrier  
  120  7:21  Pylon  
  122  7:35  Zealot  
  122  7:37  Carrier  
  136  7:42  Probe  
  133  7:47  Probe  
  133  7:50  Shield Battery  
  127  7:52  Probe x2  
  127  7:53  Zealot  
  127  7:57  Probe  
  127  7:58  Carrier  
  131  8:02  Probe  
  131  8:04  Photon Cannon  
  131  8:05  Probe x2  
  133  8:06  Photon Cannon  
  133  8:08  Photon Cannon  
  133  8:09  Protoss Ground Weapons Level 1  
  133  8:11  Gateway x2  
  133  8:12  Gateway  
  134  8:16  Photon Cannon, Gateway, Shield Battery  
  134  8:18  Probe x2  
  134  8:19  Photon Cannon  
  136  8:22  Photon Cannon  
  136  8:24  Adept  
  138  8:31  Probe x3  
  138  8:33  Probe  
  142  8:38  Robotics Facility  
  142  8:43  Probe x2  
  142  8:44  Gateway  
  142  8:47  Gateway  
  144  8:50  Twilight Council  
  144  8:55  Pylon  
  144  9:05  Pylon x2  
  144  9:10  Carrier (Chrono Boost)  
  156  9:19  Nexus  
  156  9:20  Carrier (Chrono Boost)  
  156  9:23  Pylon  
  156  9:26  Observer (Chrono Boost)  
  156  9:27  Charge  
  156  9:28  Robotics Facility  
  156  9:29  Robotics Bay, Probe x3  
  160  9:35  Photon Cannon  
  160  9:37  Photon Cannon  
  160  9:39  Pylon  
  160  9:41  Templar Archives  
  160  9:45  Immortal (Chrono Boost)  
  164  9:47  Probe  
  164  9:49  Photon Cannon  
  164  9:51  Photon Cannon  
  165  9:57  Shield Battery  
  165  10:12  Protoss Air Weapons Level 3 (Chrono Boost)  
  165  10:13  Carrier x2, Disruptor x2 (Chrono Boost)  
  177  10:20  Shield Battery  
  161  10:42  Carrier  
  161  10:46  Zealot x5  
  171  10:51  Probe x2, Observer (Chrono Boost)  
  171  10:55  Probe  
  171  10:56  Probe  
  177  10:57  Photon Cannon  
  177  11:07  Photon Cannon  
  177  11:08  Observer (Chrono Boost)  
  177  11:10  Photon Cannon, Disruptor (Chrono Boost)  
  177  11:11  High Templar x4  
  188  11:13  Zealot  
  188  11:17  Archon x2  
  190  11:23  Pylon  
  190  11:24  Assimilator  
  188  11:28  Photon Cannon  
  188  11:30  Assimilator  
  188  11:39  Pylon  
  188  11:41  Pylon  
  188  11:59  Immortal, Disruptor  
  192  12:02  Carrier  
  155  12:12  Carrier  
  149  12:20  Zealot x2  
  150  12:25  Carrier  
  156  12:34  Disruptor  
  155  12:52  Zealot x6  
  155  12:53  Zealot x2  
  137  13:06  Carrier (Chrono Boost)  
  143  13:16  Carrier (Chrono Boost)  
  149  13:21  Zealot x4  
  149  13:22  Zealot  
  143  13:50  Zealot x4  
  143  13:51  Zealot x2  
Tags
 
Add a new tag
Caveats
  • Supply blocks, unpowered buildings, or Contaminate may cause inaccurate times.
  • Supply counts are checked every 10 seconds.